Map: Persephone LE

Players

sebesdes

  • Race: Protoss Protoss
  • League: Master
  • Spawn Location: 7:00

STZsOs (sOs) - Winner!

  • Race: Protoss Protoss
  • Spawn Location: 11:00

Event: HomeStory Cup XXVII

VOD

Have the link to the VOD?

Description

Time

  • Played on: June 28, 2025, 1:44 p.m.
  • Length: 8:12

All games in this series

Show
View Real Time Build Order
Export as new Build Order

sebesdes Protoss 

Build Orders: Phoenix Opening, Blink Stalkers 

Get SALT Encoding   

  12  0:00  Probe  
  13  0:12  Probe  
  14  0:16  Pylon  
  14  0:22  Probe  
  15  0:30  Probe  
  16  0:35  Gateway  
  16  0:38  Probe  
  16  0:45  Assimilator  
  17  0:51  Probe  
  18  0:57  Assimilator  
  18  0:59  Probe  
  19  1:07  Probe  
  19  1:09  Gateway  
  20  1:17  Probe  
  20  1:24  Cybernetics Core  
  21  1:29  Probe  
  22  1:34  Pylon  
  22  1:41  Probe  
  23  1:53  Probe  
  24  1:57  Pylon  
  24  2:00  Adept  
  25  2:03  Adept  
  25  2:06  Warp Gate  
  27  2:27  Nexus  
  27  2:29  Probe  
  28  2:36  Pylon  
  28  2:37  Probe  
  31  2:46  Probe  
  30  2:54  Sentry x2  
  30  2:57  Probe  
  35  3:02  Twilight Council  
  35  3:09  Probe  
  35  3:10  Blink  
  36  3:17  Probe  
  36  3:20  Pylon  
  36  3:25  Probe  
  38  3:35  Phoenix, Probe  
  38  3:40  Probe  
  40  3:48  Probe  
  39  3:58  Probe, Stalker x2  
  39  4:00  Probe  
  39  4:13  Probe  
  35  4:25  Stalker x2  
  35  4:26  Probe  
  35  4:30  Probe  
  41  4:38  Probe  
  42  4:42  Probe  
  43  4:48  Stalker x2  
  47  4:52  Gateway  
  47  4:56  Probe  
  47  4:58  Probe  
  49  5:11  Stalker x2  
  49  5:14  Pylon  
  53  5:15  Probe  
  53  5:16  Probe  
  55  5:28  Probe x2  
  56  5:30  Gateway  
  56  5:35  Stalker  
  59  5:36  Stalker  
  59  5:40  Probe  
  62  5:50  Stalker  
  62  5:51  Probe  
  62  5:53  Probe  
  66  6:03  Probe  
  60  6:06  Stalker x2  
  56  6:13  Probe  
  56  6:16  Probe, Stalker  
  60  6:21  Dark Shrine  
  60  6:28  Charge  
  60  6:34  Nexus  
  60  6:35  Probe  
  60  6:38  Probe  
  62  6:47  Probe  
  62  6:50  Probe  
  62  6:53  Pylon  
  64  6:55  Zealot x2  
  64  6:58  Zealot  
  70  7:08  Pylon  
  70  7:11  Pylon  
  70  7:24  Pylon  
  70  7:29  Zealot  
  72  7:30  Gateway, Zealot  
  72  7:31  Gateway  
  72  7:33  Dark Templar x2  
  78  7:38  Probe  
  78  7:40  Probe  
  80  7:50  Probe  
  80  7:51  Zealot x2  
  85  7:56  Probe  
  85  7:57  Gateway  
  86  7:59  Gateway  
Show
View Real Time Build Order
Export as new Build Order

STZsOs Protoss - Winner!

Build Orders: Oracle Opening 

Get SALT Encoding   

  12  0:00  Probe  
  13  0:12  Probe  
  14  0:17  Pylon  
  14  0:24  Probe  
  15  0:32  Probe  
  15  0:36  Gateway  
  15  0:40  Probe  
  16  0:46  Assimilator  
  17  0:51  Probe  
  18  0:59  Pylon, Probe  
  19  1:05  Assimilator  
  19  1:07  Probe  
  20  1:17  Probe  
  20  1:24  Cybernetics Core  
  21  1:29  Probe  
  21  1:30  Zealot  
  24  1:41  Probe  
  25  1:56  Probe  
  25  2:01  Sentry  
  28  2:02  Warp Gate  
  28  2:18  Nexus  
  28  2:27  Pylon  
  30  2:32  Stalker  
  30  2:33  Stargate  
  30  2:38  Probe  
  31  2:45  Shield Battery  
  31  2:50  Probe  
  32  3:03  Shield Battery, Stalker  
  33  3:05  Probe  
  33  3:07  Oracle  
  38  3:21  Pylon, Probe  
  39  3:32  Probe  
  39  3:33  Probe  
  41  3:42  Robotics Facility  
  41  3:45  Shield Battery  
  41  3:50  Probe  
  41  3:51  Probe  
  41  3:58  Probe  
  42  4:03  Probe  
  42  4:06  Probe  
  43  4:15  Probe  
  45  4:18  Probe  
  45  4:19  Sentry  
  48  4:26  Observer  
  48  4:28  Probe  
  48  4:30  Gateway, Probe  
  51  4:39  Immortal  
  51  4:40  Pylon, Probe  
  51  4:42  Nexus  
  52  4:49  Observer  
  52  4:51  Stalker  
  52  4:52  Probe  
  59  4:54  Probe  
  59  4:58  Shield Battery  
  60  5:07  Probe x2  
  62  5:16  Immortal  
  62  5:18  Assimilator  
  62  5:19  Probe x2  
  62  5:20  Stalker  
  70  5:30  Pylon  
  70  5:37  Forge  
  70  5:39  Twilight Council  
  70  5:45  Immortal  
  70  5:48  Probe x2  
  70  5:51  Zealot  
  70  5:52  Stalker  
  70  5:53  Shield Battery  
  78  6:10  Observer  
  72  6:11  Stalker  
  72  6:16  Shield Battery, Probe x3  
  72  6:17  Immortal  
  81  6:26  Stalker  
  81  6:31  Probe  
  84  6:34  Pylon  
  84  6:35  Observer  
  84  6:43  Probe x3  
  87  6:50  Immortal, Gateway  
  87  6:51  Gateway  
  87  6:52  Gateway  
  87  6:56  Gateway  
  91  7:17  Gateway  
  91  7:19  Gateway  
  91  7:21  Probe x3, Templar Archives  
  94  7:23  Pylon  
  94  7:24  Zealot x2  
  94  7:25  Pylon  
  94  7:28  Observer  
  98  7:31  Warp Prism  
  100  7:38  Gateway, Pylon  
  100  7:45  Observer  
  100  7:48  Probe  
  101  7:53  Zealot x3  
  101  7:54  Zealot x3  
  113  8:05  Pylon  
  113  8:06  Photon Cannon  
  113  8:07  Nexus  
Tags
 
Add a new tag
Caveats
  • Supply blocks, unpowered buildings, or Contaminate may cause inaccurate times.
  • Supply counts are checked every 10 seconds.